cohdb
Replays
Latest Replays
All Replays
Popular Replays
Top Player Replays
Match Explorer
How It Works
Community
CoH3 Stats
Reddit
Sign in to upload your games and track your stats! →
Sign in with Steam
Match 41904545
Unlisted
Match 41904545
Overview
Messages
Build Orders
End
Construct Barracks
Riflemen Squad
Riflemen Squad
Selects Special Operations Battlegroup
Selects Special Operations Battlegroup
Engineer Squad
Air Support Center
Mortar Pit
Construct Motor Pool
Grasshopper Recon Run
Selects Raiding Flares
Riflemen Squad
P-47 Strafing Run
Engineer Squad
Mortar Pit
M8 Greyhound Armored Car
Grasshopper Recon Run
M1 Anti-tank Gun Team
Selects SSF Commando Squad
SSF Commando Squad
P-47 Strafing Run
SSF Commando Squad
P-47 Strafing Run
Engineer Squad
SSF Commando Squad
Gabloc
Time45
Alan
1di0t AC
Gray
for the .....
Voodoo408
astrostorm
0
0
Comments
sign in to comment!
No comments posted yet!